 Dungeon Crawl Stone Soup version 0.25-a0-651-g8c222c7a2b (webtiles) character file.

Game seed: 17617127075809851805, levelgen mode: deterministic

11138 Kohma the Grappler (level 11, -6/114 (115) HPs)
             Began as a Troll Monk on Mar 22, 2020.
             Was a High Priest of Okawaru.
             Mangled by a blink frog (10 damage)
             ... on level 1 of the Lair of Beasts.
             The game lasted 00:33:06 (10230 turns).

Kohma the Grappler (Troll Monk)                    Turns: 10230, Time: 00:33:07

HP:   -6/114 (115)  AC: 11    Str: 24    XL:     11   Next: 45%
MP:   13/13         EV: 11    Int:  6    God:    Okawaru [*****.]
Gold: 783           SH:  0    Dex: 12    Spells: 10/10 levels left

rFire    + + .     SeeInvis +     - Unarmed
rCold    . . .     Gourm    +   (no shield)
rNeg     . . .     Faith    .   L - +1 robe {rF+}
rPois    +         Spirit   .   J - +1 hat
rElec    .         Reflect  .   P - +2 cloak {rPois}
rCorr    .         Harm     .   (gloves unavailable)
MR       .....                  (boots unavailable)
Stlth    ++........             (no amulet)
HPRegen  0.69/turn              K - ring of protection from fire
MPRegen  0.13/turn              N - ring of see invisible

@: no status effects
A: large, unfitting armour, claws 3, fast metabolism 3, gourmand, regeneration
1, shaggy fur 1, tough skin 3
a: Heroism, Finesse, Renounce Religion


You were on level 1 of the Lair of Beasts.
You worshipped Okawaru.
Okawaru was extremely pleased with you.
You were very full.

You visited 3 branches of the dungeon, and saw 12 of its levels.
You also visited: Ossuary.

You collected 1226 gold pieces.
You spent 443 gold pieces at shops.

Inventory:

Hand Weapons
 f - a +0 giant spiked club
 M - the +7 hunting sling "Ihif" {vorpal, rF++ Str+3 Dex-5}
   (Okawaru gifted it to you on level 10 of the Dungeon)

   Any stone fired from it inflicts extra damage.
   It affects your strength (+3).
   It affects your dexterity (-5).
   It greatly protects you from fire.
Missiles
 c - 249 stones
 i - 13 boomerangs of dispersal
 m - 50 poisoned darts (quivered)
 w - 5 javelins
 D - 4 silver boomerangs
Armour
 J - a +1 hat (worn)
 L - a +1 robe of fire resistance (worn)
 P - a +2 cloak of poison resistance (worn)
Jewellery
 p - a cursed -3 ring of dexterity {unknown}
 q - an uncursed ring of ice
 F - an uncursed ring of fire
 K - a ring of protection from fire (left claw)
 N - a ring of see invisible (right claw)
Wands
 e - a wand of enslavement (6)
 v - a wand of paralysis (1)
 C - a wand of polymorph (3)
 H - a wand of clouds (3)
 I - a wand of scattershot (4)
Scrolls
 a - a scroll of torment {unknown}
 l - 6 scrolls of teleportation
 y - 3 scrolls of remove curse
 E - 2 scrolls of amnesia
 G - 3 scrolls of magic mapping
 O - a scroll of identify
Potions
 d - a potion of mutation
 g - a potion of heal wounds
 h - 2 potions of haste
 j - 2 potions of might
 k - 2 potions of lignification
 n - 2 potions of flight
 o - a potion of magic {unknown}
 r - a potion of stabbing {unknown}
 s - 7 potions of curing
 t - 3 potions of resistance
 u - a potion of brilliance
 x - a potion of invisibility {unknown}
 z - a potion of degeneration {unknown}
 A - a potion of cancellation {unknown}
Comestibles
 b - 18 rations


   Skills:
 + Level 9.4 Fighting
 + Level 5.2 Throwing
 - Level 4.0 Dodging
 - Level 3.0 Stealth
 - Level 10.0 Unarmed Combat
 - Level 3.0 Invocations
 - Level 5.1 Evocations


You had 10 spell levels left.
You didn't know any spells.
Your spell library contained the following spells:

 Spells                   Type           Power        Failure   Level  Hunger
 Infusion                 Chrm           #...         45%         1    ##.....
 Poisonous Vapours        Pois/Air       #.....       58%         2    ###....
 Shroud of Golubria       Chrm/Tloc      #.....       58%         2    ###....
 Song of Slaying          Chrm           #.......     58%         2    ###....
 Conjure Flame            Conj/Fire      #.......     83%         3    ####...
 Mephitic Cloud           Conj/Pois/Air  #.......     83%         3    ####...
 Ozocubu's Armour         Chrm/Ice       #.......     83%         3    ####...
 Spectral Weapon          Hex/Chrm       #.......     83%         3    ####...
 Freezing Cloud           Conj/Ice/Air   #.........   100%        6    #######
 Ring of Flames           Chrm/Fire      #.........   100%        7    #######


Dungeon Overview and Level Annotations

Branches:
Dungeon (10/15)            Temple (1/1) D:5            Lair (1/6) D:10
Ossuary (visited)
    Orc: D:9-12

Altars:
Ashenzari
Cheibriados
Dithmenos
Elyvilon
Fedhas
Gozag
Hepliaklqana
Kikubaaqudgha
Makhleb
Nemelex Xobeh
Okawaru
Qazlal
Ru
Sif Muna
Trog
Uskayaw
Vehumet
Wu Jian
Xom
Yredelemnul
Zin
The Shining One

Shops:
D:9 *[[

Annotations:
D:6 1 runed translucent door, exclusion: door, Crazy Yiuf
Lair:1 Maggie


Innate Abilities, Weirdness & Mutations

You are too large for most types of armour.
You have claws for hands.
Your metabolism is lightning-fast.
You like to eat raw meat.
Your natural rate of healing is unusually fast.
You are covered in fur. (AC +1)
You have extremely tough skin. (AC +3)


Message History

The blink frog is too close now for your liking.
The blink frog blinks! x2
A blink frog is nearby!
The blink frog completely misses you.
You scratch the blink frog.
The blink frog is lightly wounded.
The blink frog hits you.
* * * LOW HITPOINT WARNING * * *
You miss the blink frog.
The blink frog is lightly wounded.
The blink frog hits you.
* * * LOW HITPOINT WARNING * * *
The blink frog blinks!
The blink frog hits you.
* * * LOW HITPOINT WARNING * * *
The blink frog barely misses you.
You closely miss the blink frog.
The blink frog is lightly wounded.
The blink frog hits you!
You die...

### ####.#
#$.@###
+...F.##
#%.....##
+...8..F###
#...........#
#..#.#.......#
#.#####.#..8.[#
#. %.........#
...............


You could see 2 blink frogs.

Vanquished Creatures
  Gastronok (D:9)
  A hydra (Lair:1)
  2 two-headed ogres
  Pikel (D:6)
  An elephant (D:10)
  2 hippogriffs
  Prince Ribbit (D:5)
  5 yaks
  A wraith (Ossuary)
  A basilisk (D:10)
  A human (D:8)
  A hungry ghost (D:10)
  Duvessa (D:6)
  A porcupine (Lair:1)
  A water moccasin (D:6)
  4 orc warriors
  3 sky beasts
  2 ice beasts
  A phantom (D:6)
  A black bear (D:6)
  A necrophage (D:7)
  3 slaves (D:6)
  7 centaurs
  7 ogres
  2 crocodiles
  An elf zombie (Ossuary)
  4 bullfrogs
  3 wyvern zombies
  Dowan (D:6)
  A scorpion (D:9)
  The ghost of paps the Shield-Bearer, a weakling DsFi (D:3)
  4 crimson imps
  A quasit (D:9)
  5 hounds
  4 jellies
  A centaur skeleton (D:7)
  A centaur zombie (D:3)
  10 orc wizards
  2 bullfrog skeletons
  6 orc priests
  5 iguanas
  5 worker ants
  A killer bee zombie (D:9)
  A hound skeleton (D:5)
  A hound zombie (D:5)
  3 mummies (Ossuary)
  4 worker ant zombies
  Robin (D:4)
  5 gnolls
  A howler monkey skeleton (D:10)
  8 adders
  2 shadow imps
  An ooze (D:3)
  An adder zombie (D:6)
  2 adder skeletons (D:4)
  4 worms
  5 leopard geckos
  31 orcs
  4 giant cockroaches
  10 goblins
  7 hobgoblins
  6 jackals
  2 quokkas (D:5)
  8 bats
  4 frilled lizards
  A giant cockroach zombie (D:5)
  3 goblin zombies (Ossuary)
  2 hobgoblin zombies (Ossuary)
  A jackal skeleton (D:7)
  13 kobolds
  3 kobold zombies (Ossuary)
  6 rats
248 creatures vanquished.

Vanquished Creatures (others)
  A human (D:8)
1 creature vanquished.

Grand Total: 249 creatures vanquished

Notes
Turn   | Place    | Note
-------+----------+-------------------------------------------
     0 | D:1      | Kohma the Troll Monk began the quest for the Orb.
     0 | D:1      | Reached XP level 1. HP: 22/22 MP: 0/0
   158 | D:1      | Reached XP level 2. HP: 26/29 MP: 1/1
   218 | D:1      | Reached skill level 4 in Unarmed Combat
   509 | D:1      | Reached XP level 3. HP: 36/36 MP: 2/2
  1043 | D:2      | Found a shimmering blue altar of Sif Muna.
  1043 | D:2      | Found a bloodstained altar of Trog.
  1321 | D:2      | Reached skill level 5 in Unarmed Combat
  1321 | D:2      | Reached XP level 4. HP: 11/44 MP: 3/3
  1443 | D:2      | Found an opulent altar of Gozag.
  1536 | D:3      | Noticed a centaur
  1645 | D:3      | Killed a centaur
  1645 | D:3      | Reached skill level 6 in Unarmed Combat
  1645 | D:3      | Reached XP level 5. HP: 11/50 MP: 4/4
  2158 | D:3      | Found a runed translucent door.
  2160 | D:3      | Noticed paps's ghost (weakling DsFi)
  2167 | D:3      | Killed paps's ghost
  2281 | D:3      | Reached XP level 6. HP: 54/59 MP: 5/5
  2375 | D:4      | Reached skill level 7 in Unarmed Combat
  2424 | D:4      | Noticed Robin
  2440 | D:4      | Killed Robin
  2508 | D:4      | Found a sand-covered staircase.
  2514 | Ossuary  | Entered an ossuary
  2514 | Ossuary  | Noticed a wraith
  2514 | Ossuary  | Noticed a wraith
  2514 | Ossuary  | Noticed a wraith
  2661 | Ossuary  | Reached skill level 8 in Unarmed Combat
  2772 | Ossuary  | Reached XP level 7. HP: 66/66 MP: 6/6
  2904 | Ossuary  | Noticed a wraith
  2909 | Ossuary  | Killed a wraith
  3041 | D:4      | Found a radiant altar of Vehumet.
  3115 | D:4      | Reached skill level 9 in Unarmed Combat
  3335 | D:4      | Found a shadowy altar of Dithmenos.
  3464 | D:5      | Entered Level 5 of the Dungeon
  3586 | D:5      | Reached XP level 8. HP: 74/74 MP: 7/7
  3610 | D:5      | Reached skill level 10 in Unarmed Combat
  3679 | D:5      | Reached skill level 1 in Evocations
  3703 | D:5      | Found a staircase to the Ecumenical Temple.
  3710 | Temple   | Entered the Ecumenical Temple
  3761 | Temple   | Became a worshipper of Warmaster Okawaru
  3761 | Temple   | Reached * piety under Okawaru
  3761 | Temple   | Reached ** piety under Okawaru
  4110 | D:5      | Found an ancient bone altar of Kikubaaqudgha.
  4173 | D:5      | Noticed Prince Ribbit
  4191 | D:5      | Killed Prince Ribbit
  4191 | D:5      | Reached skill level 1 in Invocations
  4302 | D:5      | Found a burning altar of Makhleb.
  5172 | D:6      | Reached XP level 9. HP: 83/84 MP: 10/10
  5347 | D:6      | Reached *** piety under Okawaru
  5349 | D:6      | Identified a scroll of acquirement
  5490 | D:6      | You fall into a shaft and drop 3 floors!
  5490 | D:9      | Noticed Gastronok
  5544 | D:8      | Found a hazy altar of Hepliaklqana.
  5684 | D:6      | Reached skill level 5 in Fighting
  5748 | D:6      | Noticed Pikel
  5781 | D:6      | Killed Pikel
  5802 | D:6      | Reached **** piety under Okawaru
  5849 | D:6      | Noticed Dowan
  5855 | D:6      | Noticed Duvessa
  5856 | D:6      | Killed Dowan
  6159 | D:6      | Killed Duvessa
  6359 | D:6      | Found a runed translucent door.
  6360 | D:6      | Noticed Crazy Yiuf
  6707 | D:7      | Reached XP level 10. HP: 82/100 MP: 11/11
  7036 | D:8      | Found an ancient bone altar of Kikubaaqudgha.
  7108 | D:8      | Found a sparkling altar of Nemelex Xobeh.
  7110 | D:8      | Found a burning altar of Makhleb.
  7572 | D:8      | Found a hazy altar of Hepliaklqana.
  7781 | D:8      | Found a burning altar of Makhleb.
  7783 | D:8      | Found a sparkling altar of Nemelex Xobeh.
  7839 | D:8      | Found an ancient bone altar of Kikubaaqudgha.
  8223 | D:9      | Killed Gastronok
  8223 | D:9      | Reached ***** piety under Okawaru
  8289 | D:9      | Received a gift from Okawaru
  8497 | D:9      | Reached skill level 1 in Throwing
  8560 | D:9      | Noticed a two-headed ogre
  8678 | D:9      | Killed a two-headed ogre
  8678 | D:9      | Reached skill level 5 in Evocations
  8798 | D:9      | Found a basalt altar of Yredelemnul.
  8849 | D:9      | Found a white marble altar of Elyvilon.
  8990 | D:9      | Found Gaggause's Armour Emporium.
  8998 | D:9      | Bought a +1 robe of fire resistance for 190 gold pieces
  9063 | D:9      | Found a sacrificial altar of Ru.
  9102 | D:9      | Found Voimef's Assorted Antiques.
  9106 | D:9      | Bought a scroll labeled WYVODW CAREMOQ for 23 gold pieces
  9106 | D:9      | Bought a marble ring for 115 gold pieces
  9106 | D:9      | Bought an agate ring for 115 gold pieces
  9203 | D:9      | Found Axkiz's Armour Emporium.
  9261 | D:10     | Entered Level 10 of the Dungeon
  9366 | D:10     | Noticed a two-headed ogre
  9397 | D:10     | Reached XP level 11. HP: 57/112 MP: 13/13
  9431 | D:10     | Killed a two-headed ogre
  9431 | D:10     | Received a gift from Okawaru
  9432 | D:10     | Got a crystal hunting sling {god gift}
  9451 | D:10     | Identified the +7 hunting sling "Ihif" {vorpal, rF++ Str+3
                  | Dex-5} (Okawaru gifted it to you on level 10 of the
                  | Dungeon)
  9640 | D:10     | Found a staircase to the Lair.
 10158 | Lair:1   | Entered Level 1 of the Lair of Beasts
 10190 | Lair:1   | Noticed a four-headed hydra
 10196 | Lair:1   | Noticed Maggie
 10201 | Lair:1   | Killed a four-headed hydra
 10201 | Lair:1   | Reached skill level 5 in Throwing
 10229 | Lair:1   | HP: 3/114 [blink frog (6)]
 10230 | Lair:1   | Mangled by a blink frog

Levels and vault maps discovered:
D:1:      dpeg_arrival_lava_temple_mockup, layout_basic
D:2:      layout_loops_ring, grunt_gozag_breadcrumbs,
          gammafunk_temple_overflow_pools, minmay_goblin_kobold_house
D:3:      layout_basic, gammafunk_ghost_grave
D:4:      layout_loops_ring, vehumet_crystals, nicolae_ossuary_entry_plus,
          grunt_dithmenos_smoke, uniq_robin
D:5:      layout_basic, temple_green, basic_altar, first_ration,
          makhleb_heckhound_becter, uniq_prince_ribbit1
D:6:      kennysheep_six_static_rooms, layout_basic, uniq_pikel,
          uniq_crazy_yiuf_cottage, uniq_duvessa
D:7:      layout_cave_pools
D:8:      layout_loops_ring, grunt_temple_overflow_open, lemuel_doored_altar,
          grunt_pizzeria, chequers_mini_garden, tgw_kikubaaqudgha
D:9:      layout_roguey, kennysheep_ying_yang, lemuel_crystal_altar,
          serial_shops, kennysheep_little_box, nicolae_shop_statue_plus, shop,
          uniq_gastronok
D:10:     layout_irregular_city, david_lair_generic
Temple:   minmay_temple_forest_path
Lair:1:   layout_layer_cave, grunt_megastairs_3, uniq_urug, uniq_fannar,
          uniq_maggie

Skill      XL: |  1  2  3  4  5  6  7  8  9 10 11 |
---------------+----------------------------------+-----
Unarmed Combat | 4 5 6 8 9 10 | 10.0
Evocations     | 2 3 5 |  5.1
Fighting       | 3 6 8 9 |  9.4
Dodging        | 3 4 |  4.0
Invocations    | 3 |  3.0
Stealth        | 3 |  3.0
Throwing       | 2 5 |  5.2

Action                   |  1- 3 |  4- 6 |  7- 9 | 10-12 || total
-------------------------+-------+-------+-------+-------++-------
Melee: Unarmed           |    71 |   123 |   316 |   216 ||   726
       Punch             |     5 |     2 |    16 |    16 ||    39
Throw: Dart              |       |     8 |       |     8 ||    16
Invok: Heroism           |       |       |       |     2 ||     2
Evoke: Wand              |       |       |     6 |     5 ||    11
  Use: Scroll            |     2 |     5 |    14 |     7 ||    28
       Potion            |       |       |     4 |       ||     4
 Stab: Sleeping          |     3 |       |     1 |     2 ||     6
       Paralysed         |       |       |    10 |     6 ||    16
  Eat: Chunk             |    11 |    16 |    33 |    48 ||   108
Armor: Robe              |    28 |    31 |    74 |    54 ||   187
Dodge: Dodged            |    31 |    55 |   123 |    94 ||   303

Table legend:
 A = Non-vault XP
 B = Vault XP
 C = Vault XP percentage of total XP
 D = Non-vault monster count
 E = Vault monster count
 F = Vault count percentage of total count
                 A         B        C        D         E       F
            +---------+---------+-------+---------+---------+-------
      Total |   10435 |    5477 |  34.4 |     201 |      44 |  18.0
            +---------+---------+-------+---------+---------+-------
        D:1 |      43 |       0 |   0.0 |      19 |       0 |   0.0
        D:2 |      82 |       5 |   5.7 |      15 |       4 |  21.1
        D:3 |     207 |      60 |  22.5 |      16 |       1 |   5.9
        D:4 |     468 |      35 |   7.0 |      23 |      11 |  32.4
        D:5 |    1108 |     302 |  21.4 |      28 |       2 |   6.7
        D:6 |    1119 |    1195 |  51.6 |      25 |       7 |  21.9
        D:7 |    1010 |       0 |   0.0 |      15 |       0 |   0.0
        D:8 |     115 |     200 |  63.5 |       9 |       1 |  10.0
        D:9 |    1843 |    2245 |  54.9 |      21 |       1 |   4.5
       D:10 |    3128 |    1053 |  25.2 |      27 |       4 |  12.9
     Lair:1 |    1312 |       0 |   0.0 |       3 |       0 |   0.0
    Ossuary |       0 |     382 | 100.0 |       0 |      13 | 100.0
            +---------+---------+-------+---------+---------+-------
